 Dungeon Crawl Stone Soup version 0.24-a0-203-gf0bc1e9 (webtiles) character file.

Game seed: 3553491986364776999

44 Collin1234 the Firebug (level 3, -10/27 HPs)
             Began as a Draconian Fire Elementalist on Mar 27, 2019.
             Mangled by a goblin
             ... wielding a +2 dagger of electrocution
              (12 damage)
             ... on level 2 of the Dungeon.
             The game lasted 00:04:19 (1422 turns).

Collin1234 the Firebug (DrFE)                       Turns: 1422, Time: 00:04:21

Health: -10/27     AC:  5    Str: 11    XL:     3   Next: 39%
Magic:  6/6        EV: 12    Int: 15    God:
Gold:   93         SH:  0    Dex: 11    Spells: 6/7 levels left

rFire    . . .     SeeInvis .   e - +0 hand axe
rCold    . . .     Gourm    .   (no shield)
rNeg     . . .     Faith    .   (armour unavailable)
rPois    .         Spirit   .   (helmet restricted)
rElec    .         Reflect  .   (no cloak)
rCorr    .         Harm     .   (no gloves)
MR       +....                  (no boots)
Stlth    ++........             (no amulet)
HPRegen  0.09/turn              f - ring of protection from magic
MPRegen  0.10/turn              (no ring)

@: no status effects
A: unfitting armour, cold-blooded, AC +5
a: no special abilities


You were on level 2 of the Dungeon.
You were not hungry.

You visited 1 branch of the dungeon, and saw 2 of its levels.

You collected 93 gold pieces.

Inventory:

Hand Weapons
 e - a +0 hand axe (weapon)
Jewellery
 f - a ring of protection from magic (left hand)
Scrolls
 d - a scroll of remove curse
 g - a scroll of identify
Potions
 a - a potion of curing {unknown}
Comestibles
 b - 2 rations


   Skills:
 + Level 0.6 Fighting
 + Level 0.5(0.6) Axes
   Level 0.3(0.5) Maces & Flails
 + Level 2.4 Dodging
 + Level 1.8 Stealth
 + Level 2.5 Spellcasting
 + Level 1.0 Conjurations
 + Level 3.3 Fire Magic


You had 6 spell levels left.
You knew the following spells:

 Your Spells              Type           Power        Failure   Level  Hunger
a - Flame Tongue          Conj/Fire      #....        9%          1    #......

Your spell library contained the following spells:

 Spells                   Type           Power        Failure   Level  Hunger
 Throw Flame              Conj/Fire      #.....       13%         2    ###....
 Conjure Flame            Conj/Fire      #.......     26%         3    ###....
 Inner Flame              Hex/Fire       #.......     32%         3    ###....
 Sticky Flame             Conj/Fire      #.......     65%         4    #####..
 Fireball                 Conj/Fire      #.........   94%         5    ######.


Dungeon Overview and Level Annotations

Branches:
Dungeon (2/15)

Altars:


Innate Abilities, Weirdness & Mutations

Your plain brown scales are hard. (AC +5)
You cannot fit into any form of body armour.
You are cold-blooded and may be slowed by cold attacks.


Message History

The goblin misses you.
There is a stone staircase leading up here.
You miss the goblin. You tail-slap the goblin.
The goblin is moderately wounded.
The goblin misses you.
You barely miss the goblin.
The goblin is moderately wounded.
The goblin barely misses you.
You miss the goblin.
The goblin is moderately wounded.
The goblin hits you but does no damage.
You are electrocuted!!
Ouch! That really hurt!
* * * LOW HITPOINT WARNING * * *
You closely miss the goblin. You tail-slap the goblin.
The goblin is severely wounded.
The goblin hits you but does no damage.
The goblin hits you with a +2 dagger of electrocution.
* * * LOW HITPOINT WARNING * * *
You are electrocuted!
You die...

..# ... #.# ..# ..###.#
..# .....# #.# ....# #.#
# .... #.# #..###..#
#.#####.### #......g#
#.......... #.@#
########.###
#.####.)#####...........
#.............######.###
######..####### #.#
#..############.#
#...............#
##.############## ...#
#####


You could see a goblin.

Vanquished Creatures
  An ooze (D:1)
  A dart slug (D:1)
  2 leopard geckos
  4 giant cockroaches (D:1)
  4 goblins (D:1)
  A hobgoblin (D:1)
  3 jackals (D:1)
  6 kobolds
  A quokka (D:2)
  2 ball pythons (D:1)
  2 bats (D:1)
  2 frilled lizards (D:1)
  5 rats
34 creatures vanquished.

Notes
Turn   | Place    | Note
-------+----------+-------------------------------------------
     0 | D:1      | Collin1234 the Draconian Fire Elementalist began the quest
                  | for the Orb.
     0 | D:1      | Reached XP level 1. HP: 14/14 MP: 3/3
   477 | D:1      | Reached XP level 2. HP: 13/20 MP: 3/5
   956 | D:1      | Reached XP level 3. HP: 17/27 MP: 6/6
  1422 | D:2      | Mangled by a goblin

Levels and vault maps discovered:
D:1:      dpeg_arrival_oval, layout_basic, chequers_serial_rivers_micro_d,
          minivault_14, minmay_tetromino_i2
D:2:      layout_loops_ring, uniq_terence

Skill      XL: |  1 |
---------------+----+-----
Dodging        | 2 |  2.4
Fighting       | |  0.6
Axes           | |  0.5
Maces & Flails | |  0.3
Stealth        | |  1.8
Spellcasting   | |  2.5
Conjurations   | |  1.0
Fire Magic     | |  3.3

Action                   || total
-------------------------++-------
Melee: Club              ||    28
       Hand axe          ||    85
       Tailslap          ||    14
 Cast: Flame Tongue      ||    10
  Use: Scroll            ||     3
  Eat: Ration            ||     1
       Chunk             ||     1
Armor: Skin              ||    55
Dodge: Dodged            ||    88

Table legend:
 A = Non-vault XP
 B = Vault XP
 C = Vault XP percentage of total XP
 D = Non-vault monster count
 E = Vault monster count
 F = Vault count percentage of total count
                 A         B        C        D         E       F
            +---------+---------+-------+---------+---------+-------
      Total |      62 |       1 |   1.6 |      33 |       1 |   2.9
            +---------+---------+-------+---------+---------+-------
        D:1 |      55 |       1 |   1.8 |      29 |       1 |   3.3
        D:2 |       7 |       0 |   0.0 |       4 |       0 |   0.0
            +---------+---------+-------+---------+---------+-------
